 Dungeon Crawl Stone Soup version 0.24.0-123-gd5b16e6ec5 (webtiles) character file.

Game seed: 15614935955232918440, levelgen mode: deterministic

121 hazymike the Digger (level 5, -4/29 HPs)
             Began as a Gargoyle Earth Elementalist on Feb 3, 2020.
             Was a Believer of Uskayaw.
             Slain by an ogre
             ... wielding a +0 giant club
              (7 damage)
             ... on level 3 of the Dungeon on Feb 4, 2020.
             The game lasted 00:20:48 (3560 turns).

hazymike the Digger (Gargoyle Earth Elementalist)   Turns: 3560, Time: 00:20:49

Health: -4/29      AC: 10    Str: 12    XL:     5   Next: 5%
Magic:  2/8        EV: 10    Int: 16    God:    Uskayaw [**....]
Gold:   126        SH:  0    Dex: 10    Spells: 6/9 levels left

rFire    . . .     SeeInvis .   a - +0 dagger
rCold    . . .     Gourm    .   (no shield)
rNeg     + . .     Faith    .   h - +0 ring mail
rPois    ∞         Spirit   .   n - +0 helmet
rElec    +         Reflect  .   (no cloak)
rCorr    .         Harm     .   (no gloves)
MR       .....                  (no boots)
Stlth    +.........             (no amulet)
HPRegen  0.09/turn              (no ring)
MPRegen  0.11/turn              (no ring)

@: very slightly contaminated
A: negative energy resistance 1, electricity resistance, unbreathing,
petrification resistance, rot immunity, AC +4
a: Stomp, Line Pass, Renounce Religion


You were on level 3 of the Dungeon.
You worshipped Uskayaw.
Uskayaw was noncommittal.
You were hungry.

You visited 1 branch of the dungeon, and saw 3 of its levels.

You collected 126 gold pieces.

Inventory:

Hand Weapons
 a - a +0 dagger (weapon)
 b - a +0 hunting sling
 l - a +0 club
 r - a +1 vampiric dagger
Missiles
 c - 78 stones (quivered)
 s - 3 datura-tipped darts
Armour
 h - a +0 ring mail (worn)
 n - a +0 helmet (worn)
Wands
 m - a wand of acid (7)
 t - a wand of flame (9)
Scrolls
 f - 2 scrolls of fear {unknown}
 i - a scroll of noise {unknown}
 k - a scroll of identify {unknown}
 p - a scroll of fog {unknown}
 q - a scroll of enchant armour {unknown}
 u - a scroll of amnesia {unknown}
Potions
 e - a potion of haste {unknown}
 g - a potion of agility
 j - a potion of curing
Comestibles
 d - 3 rations


   Skills:
 + Level 1.2 Fighting
 * Level 1.0 Maces & Flails
 + Level 2.1 Dodging
 - Level 3.0 Stealth
 + Level 2.5 Spellcasting
 + Level 1.0 Transmutations
 + Level 4.7 Earth Magic


You had 6 spell levels left.
You knew the following spells:

 Your Spells              Type           Power        Failure   Level  Hunger
a - Sandblast             Erth           ###...       6%          1    #......
b - Passwall              Tmut/Erth      ##......     21%         2    ##.....

Your spell library contained the following spells:

 Spells                   Type           Power        Failure   Level  Hunger
 Stone Arrow              Conj/Erth      #.....       45%         3    ###....
 Petrify                  Tmut/Erth      ##......     80%         4    #####..
 Lee's Rapid Deconstruct  Erth           ###.......   86%         5    ######.


Dungeon Overview and Level Annotations

Branches:
Dungeon (3/15)

Altars:
Uskayaw
Wu Jian
Zin

Annotations:
D:2 1 runed translucent door, exclusion: door, Crazy Yiuf


Innate Abilities, Weirdness & Mutations

You are resistant to torment.
Your stone body is resilient. (AC +4)
You are immune to poison.
You resist negative energy. (rN+)
You are resistant to electric shocks. (rElec)
You can survive without breathing.
You are immune to petrification.
You are immune to rotting.


Message History

The blast of sand misses the ogre.
c - 80 stones
Casting: Sandblast (safe; 6% risk of failure)
Confirm with . or Enter, or press ? or * to list all spells.
Aiming: Sandblast (safe; 6% risk of failure)
Press: ? - help, Shift-Dir - straight line, f/p - ogre
Aim: an ogre, wielding a +0 giant club (severely wounded)
The blast of sand misses the ogre.
c - 79 stones The ogre hits you but does no damage.
Casting: Sandblast (safe; 6% risk of failure)
Confirm with . or Enter, or press ? or * to list all spells.
Aiming: Sandblast (safe; 6% risk of failure)
Press: ? - help, Shift-Dir - straight line, f/p - ogre
Aim: an ogre, wielding a +0 giant club (severely wounded)
The blast of sand hits the ogre.
The ogre is almost dead.
c - 78 stones The ogre hits you with a +0 giant club!
You die...

#.# #.# #.......#
#.#####.# #.......#
#..(..#.# #.......#
#######.#.###.......#
....................######
#######.#.................
........#####...<.........
##########..'.............
#@##.............
#O##.............
#.#######........ #.#
#........ #.# #........
..# #........ ##.
..####### . .#


You could see an ogre.

Vanquished Creatures
  Terence (D:2)
  Robin (D:2)
  A gnoll (D:1)
  2 adders (D:2)
  2 worms
  A dart slug (D:1)
  A leopard gecko (D:2)
  5 giant cockroaches
  3 goblins
  9 hobgoblins
  2 quokkas (D:2)
  A ball python (D:2)
  7 bats
  5 frilled lizards
  3 kobolds
  5 rats
49 creatures vanquished.

Notes
Turn   | Place    | Note
-------+----------+-------------------------------------------
     0 | D:1      | hazymike the Gargoyle Earth Elementalist began the quest
                  | for the Orb.
     0 | D:1      | Reached XP level 1. HP: 10/10 MP: 3/3
   279 | D:1      | Reached skill level 4 in Earth Magic
   279 | D:1      | Reached XP level 2. HP: 15/15 MP: 5/5
   283 | D:1      | Learned a level 2 spell: Passwall
   692 | D:1      | Reached XP level 3. HP: 5/20 MP: 4/6
  1787 | D:2      | Found a faded altar of an unknown god.
  1793 | D:2      | Became a worshipper of Uskayaw the Reveler
  1793 | D:2      | Reached * piety under Uskayaw
  1889 | D:2      | Reached XP level 4. HP: 22/24 MP: 3/7
  1889 | D:2      | Reached ** piety under Uskayaw
  1965 | D:2      | Found a runed translucent door.
  1966 | D:2      | Noticed Crazy Yiuf
  2128 | D:2      | Reached skill level 1 in Fighting
  2262 | D:2      | Found a glowing silver altar of Zin.
  2264 | D:2      | Found an ornate altar of the Wu Jian Council.
  2267 | D:2      | Noticed Terence
  2367 | D:2      | Killed Terence
  2367 | D:2      | Reached skill level 1 in Transmutations
  2494 | D:2      | Noticed Robin
  2963 | D:2      | Killed Robin
  3222 | D:3      | Reached skill level 1 in Maces & Flails
  3222 | D:3      | Reached XP level 5. HP: 29/29 MP: 4/8
  3545 | D:3      | Noticed an ogre
  3560 | D:3      | Slain by an ogre

Levels and vault maps discovered:
D:1:      minmay_arrival_semitransparent, layout_loops_ring
D:2:      layout_loops_ring, nicolae_overflow_hidden_temple, minitemple,
          first_ration, chequers_ecumenical_altar_simple, uniq_terence,
          uniq_robin, uniq_crazy_yiuf_cottage
D:3:      layout_basic, makhleb_grotto_becter, fedhas_altar_fruit_tree,
          uniq_jessica

Skill      XL: |  1  2  3  4  5 |
---------------+----------------+-----
Earth Magic    | 4 |  4.7
Dodging        | 2 |  2.1
Fighting       | 1 |  1.2
Transmutations | 1 |  1.0
Maces & Flails | 1 |  1.0
Stealth        | 3 |  3.0
Spellcasting   | |  2.5

Action                   |  1- 3 |  4- 6 || total
-------------------------+-------+-------++-------
Melee: Dagger            |   202 |    76 ||   278
Throw: Stone             |     2 |     9 ||    11
 Cast: Sandblast         |    11 |    29 ||    40
 Stab: Sleeping          |     5 |       ||     5
  Eat: Chunk             |     4 |     1 ||     5
       Ration            |       |     1 ||     1
Armor: Robe              |    82 |     1 ||    83
       Ring mail         |       |    29 ||    29
Dodge: Dodged            |   138 |    51 ||   189
